 Dungeon Crawl Stone Soup version 0.30-a0-852-g08b95dd62f (webtiles) character file.

Game seed: 7611177442991801786

55 Ceno the Trooper (level 3, 0/37 HPs)
             Began as an Ogre Warper on Mar 5, 2023.
             Succumbed to Robin's poison
             ... on level 2 of the Dungeon.
             The game lasted 00:05:42 (1203 turns).

Ceno the Trooper (Ogre Warper)                      Turns: 1203, Time: 00:05:43

Health: 0/37       AC:  3    Str: 15    XL:     3   Next: 93%
Magic:  6/6        EV: 14    Int: 16    God:
Gold:   128        SH:  0    Dex:  8    Spells: 1/6 levels left

rFire   . . .      SeeInvis .    a - +0 mace
rCold   . . .      Faith    .    (no shield)
rNeg    . . .      Spirit   .    b - +0 robe
rPois   .          Reflect  .    (helmet restricted)
rElec   .          Rampage  .    (no cloak)
rCorr   .                        (gloves unavailable)
Will    .....                    (boots unavailable)
Stlth   +                        (no amulet)
HPRegen 0.26/turn                h - +4 ring of slaying
MPRegen 0.10/turn                j - +5 ring of evasion

@: lethally poisoned (0 -> -11), flying, hasted, very quick
A: large, unfitting armour, tough skin 1
a: no special abilities


You were on level 2 of the Dungeon.
You visited 1 branch of the dungeon, and saw 2 of its levels.

You collected 128 gold pieces.

Inventory:

Hand Weapons
 a - a +0 mace (weapon)
Missiles
 d - 7 boomerangs of dispersal
 e - 27 stones (quivered)
Armour
 b - a +0 robe (worn)
 f - a +0 cloak
 l - a scarf of invisibility
Jewellery
 h - a +4 ring of slaying (left hand)
 j - a +5 ring of evasion (right hand)
Scrolls
 c - 2 scrolls of blinking
 i - a scroll of fog {unknown}
 k - a scroll of teleportation {unknown}
 m - a scroll of identify {unknown}
 o - a scroll of enchant armour {unknown}
Potions
 g - a potion of flight


   Skills:
 + Level 3.6 Fighting
 * Level 2.9 Maces & Flails
 - Level 1.0 Throwing
 - Level 2.1 Dodging
 - Level 2.4 Spellcasting
 + Level 3.1 Translocations


You had one spell level left.
You knew the following spells:

 Your Spells              Type           Power      Damage    Failure   Level
a - Blink                 Tloc           24%        N/A       9%          2
b - Teleport Other        Tloc           12%        N/A       16%         3

Your spell library contained the following spells:

 Spells                   Type           Power      Damage    Failure   Level
 Lesser Beckoning         Tloc           24%        N/A       9%          2
 Vhi's Electric Charge    Tloc/Air       12%        N/A       30%         3
 Manifold Assault         Tloc           12%        N/A       47%         4


Dungeon Overview and Level Annotations

Branches:
Dungeon (2/15)

Altars:

Shops:
D:1 (   D:2 !

Annotations:
D:2 Robin


Innate Abilities, Weirdness & Mutations

You are too large for most types of armour.
You have tough skin. (AC +1)


Message History

Robin roars a battlecry!
The goblins go into a battle-frenzy!
Robin throws the goblin at you! The goblin misses you.
You hit the goblin.
You kill the goblin!
A ball python comes into view.
A goblin comes into view. It is wielding a +2 dagger of speed.
The goblin shouts!
You hear a shout!
Robin says, "Feeling lonely?"
The ball python hisses angrily.
You hit Robin.
Robin is moderately wounded.
A goblin comes into view. It is wielding a +0 club.
Robin hits you with a +5 dagger of venom.
Robin attacks as you move away!
Robin hits you with a +5 dagger of venom.
You are poisoned.
The hobgoblin attacks as you move away!
The hobgoblin hits you with a +0 dagger.
You feel sick.
You hit the hobgoblin.
You kill the hobgoblin!
You feel sick. Robin throws the goblin at you!
The goblin hits you with a +0 dagger.
You closely miss the goblin.
You feel sick. The goblin misses you.
You barely miss the goblin.
You feel sick. The goblin completely misses you.
Robin hits you with a +5 dagger of venom!
* * * LOW HITPOINT WARNING * * *
You are lethally poisoned!
The goblin hits you with a +0 dagger.
* * * LOW HITPOINT WARNING * * *
Robin closely misses you.
It was a potion of flight.
You feel very buoyant.
You fly up into the air.
* * * LOW HITPOINT WARNING * * *
You feel very sick. The goblin hits you but does no damage. Robin misses you.
It was a potion of haste.
You feel yourself speed up.
You die...

P.# # ## #.. ..#
.. . #g# .##
..P.### #S# .#
P.♣.## #.# .#
♣P♣.###g# .# .♣♣
♣♣...##.# .#
#..P♣♣♣♣P...##.#
.#
#.P......###S#
.#
###......g@gg#
.# ###.########
.# #.# .# #.#
##### #.# ....#
#.# ###.# #.#
#†# #.# #.# #.#


You could see Robin, 2 goblins and a ball python.

Vanquished Creatures
  3 ball pythons (D:1)
  5 endoplasms
  5 giant cockroaches
  3 goblins
  7 hobgoblins
  8 jackals
  4 kobolds (D:1)
  2 quokkas
  2 bats
  3 frilled lizards (D:1)
  3 rats (D:1)
45 creatures vanquished.

Vanquished Creatures (others)
  6 plants (D:2)
6 creatures vanquished.

Grand Total: 51 creatures vanquished

Notes
Turn   | Place    | Note
-------+----------+-------------------------------------------
     0 | D:1      | Ceno the Ogre Warper began the quest for the Orb.
     0 | D:1      | Reached XP level 1. HP: 22/22 MP: 3/3
    66 | D:1      | Reached XP level 2. HP: 22/29 MP: 5/5
    69 | D:1      | Learned a level 2 spell: Blink
   546 | D:1      | Reached XP level 3. HP: 37/37 MP: 6/6
   550 | D:1      | Learned a level 3 spell: Teleport Other
   650 | D:1      | Found Puprinn's Antique Weapon Boutique.
   982 | D:2      | Found Qyumump's Distillery.
  1185 | D:2      | Noticed Robin
  1203 | D:2      | Succumbed to Robin's poison

Illustrated notes

Levels and vault maps discovered:
D:1:      scummos_arrival_hexagon, layout_rooms, serial_shops, shop
D:2:      layout_loops_ring, serial_shops,
          nicolae_shop_competitors_out_of_business, serial_forest,
          infiniplex_forest_clump_long, infiniplex_forest_end_3,
          infiniplex_forest_clump_tiny, infiniplex_forest_clump_cross,
          infiniplex_forest_end_2, infiniplex_forest_straight_4, uniq_robin

Skill      XL: |  1  2  3 |
---------------+----------+-----
Maces & Flails | 2 |  2.9
Fighting       | 3 |  3.6
Translocations | 3 |  3.1
Throwing       | |  1.0
Dodging        | |  2.1
Spellcasting   | |  2.4

Action                     || total
---------------------------++-------
  Melee: Mace              ||   131
  Throw: Stone             ||     1
    Use: Potion            ||     2
 Armour: Robe              ||    50
  Dodge: Dodged            ||    85

Table legend: (Time is in decaauts)
 A = Elapsed time spent in this place.
 B = Non-inter-level travel time spent in this place.
 C = Inter-level travel time spent in this place.
 D = Time resting spent in this place.
 E = Time spent auto-exploring this place.
 F = Levels seen in this place.
 G = Mean time per level.
                   A        B        C        D        E       F      G
               +--------+--------+--------+--------+--------+-----+--------+
         Total |   1239 |   1221 |     18 |    109 |    388 |   2 |  619.5 |
       Dungeon |   1239 |   1221 |     18 |    109 |    388 |   2 |  619.5 |
               +--------+--------+--------+--------+--------+-----+--------+

Top non-repeatable levels by time:
     D:1: 910 daAuts
     D:2: 329 daAuts
